 Dungeon Crawl Stone Soup version 0.22-a0-558-gc224181 (webtiles) character file.

434 vishdafish the Poker (level 6, 0/78 HPs)
             Began as a Demonspawn Berserker on June 26, 2018.
             Was a Priest of Trog.
             Slain by Amnesiac's ghost (3 damage)
             ... on level 4 of the Dungeon.
             The game lasted 00:05:30 (3307 turns).

vishdafish the Poker (Demonspawn Berserker)         Turns: 3307, Time: 00:05:31

Health: 0/78       AC:  5    Str: 22    XL:     6   Next: 67%
Magic:  6/6        EV: 16    Int: 11    God:    Trog [***...]
Gold:   215        SH:  0    Dex: 17    Spells: 5/5 levels left

rFire    + . .     SeeInvis .   m - +2 spear (venom)
rCold    + . .     Gourm    .   (no shield)
rNeg     . . .     Faith    .   b - +0 animal skin
rPois    +         Spirit   .   (no helmet)
rElec    +         Reflect  .   (no cloak)
rCorr    +         Harm     .   (no gloves)
MR       .....                  (no boots)
Stlth    ..........             (no amulet)
HPRegen  0.23/turn              (no ring)
MPRegen  0.10/turn              (no ring)

@: mighty, agile, berserking, resistant, extremely drained, very quick
A: rugged brown scales 3
a: Berserk, Trog's Hand, Renounce Religion


You were on level 4 of the Dungeon.
You worshipped Trog.
Trog was most pleased with you.
You were very hungry.

You visited 1 branch of the dungeon, and saw 4 of its levels.

You collected 215 gold pieces.

Inventory:

Hand Weapons
 a - a +0 spear
 m - a +2 spear of venom (weapon)
Armour
 b - a +0 animal skin (worn)
Wands
 r - a wand of clouds (5)
Scrolls
 d - 2 scrolls of fear {unknown}
 i - 2 scrolls of teleportation {unknown}
 l - a scroll of fog {unknown}
 o - a scroll of magic mapping {unknown}
 q - 3 scrolls of identify {unknown}
 t - 2 scrolls of amnesia {unknown}
Potions
 e - 2 potions of brilliance
 g - a potion of curing
 k - a potion of magic
Comestibles
 c - 5 rations


   Skills:
 + Level 4.6(0.0) Fighting
 + Level 4.7(0.0) Polearms
 + Level 2.9(0.0) Armour
 + Level 3.3(0.0) Dodging
 - Level 0.5(0.0) Stealth


You had 5 spell levels left.
You didn't know any spells.
Your spell library was empty.

Dungeon Overview and Level Annotations

Branches:
Dungeon (4/15)
 Temple: D:4-7

Altars:
Ashenzari
Okawaru
Sif Muna
Trog

Annotations:
D:4 Amnesiac's ghost, amateur SpBe


Innate Abilities, Weirdness & Mutations

You are completely covered in rugged brown scales. (AC +3, +7% HP)


Message History

Amnesiac's ghost hits you but does no damage.
You feel drained.
You barely miss Amnesiac's ghost.
Amnesiac's ghost is almost destroyed.
You feel a little less clever now. Amnesiac's ghost closely misses you.
You miss Amnesiac's ghost.
Amnesiac's ghost is almost destroyed.
You barely miss Amnesiac's ghost.
Amnesiac's ghost is almost destroyed.
Amnesiac's ghost hits you.
* * * LOW HITPOINT WARNING * * *
You feel drained.
* * * LOW HITPOINT WARNING * * *
You closely miss Amnesiac's ghost.
Amnesiac's ghost is almost destroyed.
Amnesiac's ghost hits you!
* * * LOW HITPOINT WARNING * * *
You feel drained.
You die...

#.#####
#.#.##≈≈≈# #.#
#....#≈≈≈# #.#
###.##≈r≈# #.#
#)##r≈≈# #.#
#.###'## #.#
#.##W..# ..
##.##..##
#...#.######.##
#.#...rW@.......
##.#.########.##
##.## ##


You could see Amnesiac's ghost and a river rat.

Vanquished Creatures
  A phantom (D:4)
  An ogre (D:4)
  A bullfrog (D:4)
  3 gnolls (D:2)
  8 adders
  2 dart slugs
  2 leopard geckos
  An orc (D:3)
  16 bats
  5 giant cockroaches
  12 hobgoblins
  8 jackals
  3 quokkas
  5 frilled lizards
  13 goblins
  13 kobolds
  5 rats
99 creatures vanquished.

Notes
Turn   | Place    | Note
-------+----------+-------------------------------------------
     0 | D:1      | vishdafish the Demonspawn Berserker began the quest for the Orb.
     0 | D:1      | Reached XP level 1. HP: 18/18 MP: 1/1
    56 | D:1      | Gained mutation: You are partially covered in rugged brown scales. (AC +1, +3% HP) [demonic ancestry]
    56 | D:1      | Reached XP level 2. HP: 7/24 MP: 2/2
   443 | D:1      | Gained mutation: You are mostly covered in rugged brown scales. (AC +2, +5% HP) [demonic ancestry]
   443 | D:1      | Reached XP level 3. HP: 14/30 MP: 3/3
   554 | D:1      | Reached ** piety under Trog
  1075 | D:2      | Gained mutation: You are completely covered in rugged brown scales. (AC +3, +7% HP) [demonic ancestry]
  1075 | D:2      | Reached XP level 4. HP: 29/37 MP: 4/4
  1091 | D:2      | Found a bloodstained altar of Trog.
  1855 | D:2      | Reached XP level 5. HP: 44/44 MP: 5/5
  1989 | D:2      | Reached *** piety under Trog
  2495 | D:3      | Found an iron altar of Okawaru.
  2550 | D:3      | Found a deep blue altar of Sif Muna.
  2767 | D:3      | Found a shattered altar of Ashenzari.
  3041 | D:4      | Noticed a phantom
  3053 | D:4      | Killed a phantom
  3053 | D:4      | Reached XP level 6. HP: 51/51 MP: 6/6
  3199 | D:4      | Found a runed door.
  3201 | D:4      | Noticed Amnesiac's ghost (amateur SpBe)
  3307 | D:4      | HP: 3/78 [Amnesiac's ghost (8)]
  3307 | D:4      | Slain by Amnesiac's ghost

Vault maps used:
D:1:      minmay_arrival_five_plusses, hex_large, minmay_parallelograms
D:2:      cheibrodos_greedy_goblins, trog_three_pillars_becter
D:3:      cheibrodos_ashenzari_chains, okawaru_ov_weapons_minmay, first_ration,
          grunt_decor_arrowhead, led_sif_pool
D:4:      ebering_ghost_sewer_f

Skill      XL: |  1  2  3  4  5 |
---------------+----------------+-----
Polearms       | 3 4 |  4.7
Dodging        | 2 3 |  3.3
Armour         | 2 |  2.9
Fighting       | 4 |  4.6
Stealth        | |  0.5

Action                   |  1- 3 |  4- 6 || total
-------------------------+-------+-------++-------
Melee: Spear             |   113 |   240 ||   353
Invok: Berserk           |     2 |     6 ||     8
  Use: Potion            |       |    10 ||    10
 Stab: Sleeping          |     1 |     3 ||     4
  Eat: Ration            |     1 |     1 ||     2
       Chunk             |       |     7 ||     7
Armor: Animal skin       |    38 |    44 ||    82
       Skin              |       |    28 ||    28
Dodge: Dodged            |    65 |   106 ||   171

Table legend:
 A = Spawn XP
 B = Non-spawn XP
 C = Spawn XP percentage of total XP
 D = Spawn monster count
 E = Non-spawn monster count
 F = Spawn count percentage of total count
 G = Total turns spent on level
                    A         B        C        D         E        F      G
               +---------+---------+-------+---------+---------+-------+---------
         Total |       0 |     620 |   0.0 |       0 |      99 |   0.0 |  3307
               +---------+---------+-------+---------+---------+-------+---------
           D:1 |       0 |      57 |   0.0 |       0 |      35 |   0.0 |  1015
           D:2 |       0 |     150 |   0.0 |       0 |      41 |   0.0 |  1196
           D:3 |       0 |      55 |   0.0 |       0 |      17 |   0.0 |   786
           D:4 |       0 |     358 |   0.0 |       0 |       6 |   0.0 |   310
               +---------+---------+-------+---------+---------+-------+---------
